TOP OF THE 1ST |
Anderson Rebels batting - Pitching for Spartanburg Spartans : RHP Vincent Barbisan
|
Pitching: RHP Vincent Barbisan
|
|
Batting: LHB James Beck
|
0-0: Ball 1-0: Ball 2-0: Ball 3-0: Base on Balls
|
Batting: SHB Felipe Gracia
|
0-0: Called Strike James Beck steals 2nd base 0-1: Foul Ball, location: 2F 0-2: Ball 1-2: SINGLE (Line Drive, 89S, EV 108.8 MPH) James Beck to third
|
Batting: RHB Larry See
|
0-0: Swinging Strike 0-1: Swinging Strike 0-2: Strikes out looking
|
Batting: RHB Juan Alvarez
|
0-0: Ball 1-0: Grounds into double play, 4-6-3 (Groundball, 34, EV 90.6 MPH)
|
Top of the 1st over - 0 runs, 1 hit, 0 errors, 1 left on base; Anderson 0 - Spartanburg 0 |
BOTTOM OF THE 1ST |
Spartanburg Spartans batting - Pitching for Anderson Rebels : LHP Tim Conroy
|
Pitching: LHP Tim Conroy
|
|
Batting: RHB Roger Nolan
|
0-0: Called Strike 0-1: Fly out, F9 (Flyball, 9, EV 86.9 MPH)
|
Batting: RHB James Eargle
|
0-0: Ball 1-0: Ball 2-0: Called Strike 2-1: Foul Ball, location: 2F 2-2: Ball 3-2: Foul Ball, location: 2F 3-2: Base on Balls
|
Batting: LHB Jerald Hammermeister
|
0-0: Called Strike 0-1: Ball 1-1: Ball 2-1: Foul Ball, location: 2F 2-2: Ball 3-2: Base on Balls James Eargle to second
|
Batting: LHB John Hennell
|
0-0: Called Strike 0-1: Ball 1-1: Called Strike 1-2: Strikes out swinging
|
Batting: LHB Albert Ortiz
|
0-0: Swinging Strike 0-1: Fielders Choice at 2nd, 6-4 (Groundball, 6, EV 82.5 MPH)
|
Bottom of the 1st over - 0 runs, 0 hits, 0 errors, 2 left on base; Anderson 0 - Spartanburg 0 |
TOP OF THE 2ND |
Anderson Rebels batting - Pitching for Spartanburg Spartans : RHP Vincent Barbisan
|
Batting: LHB Armando Ortiz
|
0-0: Ball 1-0: Foul Ball, location: 2F 1-1: Fly out, F8 (Flyball, 8RXD, EV 89.4 MPH)
|
Batting: RHB Mike Gallego
|
0-0: Foul Ball, location: 2F 0-1: Ball 1-1: Foul Ball, location: 2F 1-2: Ball 2-2: Strikes out swinging
|
Batting: LHB Dave Holt
|
0-0: Foul Ball, location: 2F 0-1: Swinging Strike 0-2: DOUBLE (Line Drive, 78M, EV 104.4 MPH)
|
Batting: RHB Richard Hertel
|
0-0: Ball 1-0: Ball 2-0: Ball 3-0: Base on Balls
|
Batting: SHB Devon White
|
0-0: SINGLE (Line Drive, 8LS, EV 100.0 MPH) Dave Holt to third Richard Hertel to second Runner from 3rd tries for Home, throw by CF and OUT! 8-2
|
Top of the 2nd over - 0 runs, 2 hits, 0 errors, 2 left on base; Anderson 0 - Spartanburg 0 |
BOTTOM OF THE 2ND |
Spartanburg Spartans batting - Pitching for Anderson Rebels : LHP Tim Conroy
|
Batting: RHB Franklin McKinney
|
0-0: Called Strike 0-1: Ball 1-1: SINGLE (Flyball, 3D, EV 93.1 MPH)
|
Batting: RHB Ron Dillard
|
0-0: Ball 1-0: Swinging Strike 1-1: Called Strike 1-2: Ball 2-2: Strikes out swinging
|
Batting: RHB Jeff Martin
|
0-0: Ball 1-0: Ball 2-0: Swinging Strike 2-1: Ball 3-1: Swinging Strike 3-2: Strikes out swinging
|
Batting: LHB Chuck Cary
|
0-0: Swinging Strike 0-1: Ball Pickoff Throw by Catcher to First - Out!
|
Bottom of the 2nd over - 0 runs, 1 hit, 0 errors, 0 left on base; Anderson 0 - Spartanburg 0 |
TOP OF THE 3RD |
Anderson Rebels batting - Pitching for Spartanburg Spartans : RHP Vincent Barbisan
|
Batting: LHB James Beck
|
0-0: Ball 1-0: Foul Ball, location: 2F 1-1: Ball 2-1: Ball 3-1: Called Strike 3-2: Strikes out looking
|
Batting: SHB Felipe Gracia
|
0-0: Called Strike 0-1: Ball 1-1: Ball 2-1: Foul Ball, location: 2F 2-2: Ball 3-2: Base on Balls
|
Batting: RHB Larry See
|
0-0: Called Strike 0-1: Foul Ball, location: 2F 0-2: Fly out, F7 (Flyball, 7D, EV 78.8 MPH)
|
Batting: RHB Juan Alvarez
|
0-0: Ball 1-0: Swinging Strike 1-1: Foul Ball, location: 2F 1-2: SINGLE (Flyball, 89M, EV 73.1 MPH) Felipe Gracia to second Runner from 2nd tries for 3rd, SAFE, throw by RF made to third
|
Batting: LHB Armando Ortiz
|
0-0: Ball 1-0: Called Strike 1-1: Foul Ball, location: 2F 1-2: Foul Ball, location: 2F 1-2: DOUBLE (Line Drive, 9LD, EV 96.9 MPH) Felipe Gracia scores Juan Alvarez to third
|
Batting: RHB Mike Gallego
|
0-0: Foul Ball, location: 2F 0-1: Foul Ball, location: 2F 0-2: Ground out 3-1 (Groundball, 34, EV 87.5 MPH)
|
Top of the 3rd over - 1 run, 2 hits, 0 errors, 2 left on base; Anderson 1 - Spartanburg 0 |
BOTTOM OF THE 3RD |
Spartanburg Spartans batting - Pitching for Anderson Rebels : LHP Tim Conroy
|
Batting: LHB Chuck Cary
|
0-0: Foul Ball, location: 2F 0-1: Ball 1-1: Called Strike 1-2: Ball 2-2: Strikes out swinging
|
Batting: RHB Roger Nolan
|
0-0: Called Strike 0-1: Ball 1-1: Ball 2-1: Fly out, F8 (Flyball, 8RM, EV 78.1 MPH)
|
Batting: RHB James Eargle
|
0-0: Ball
|
|
|
|
1-0: Ball 2-0: SINGLE (Flyball, 56D, EV 85.6 MPH)
|
Batting: LHB Jerald Hammermeister
|
0-0: Foul Ball, location: 2F 0-1: Ball 1-1: Ball 2-1: Fly out, F9 (Flyball, 9D, EV 93.8 MPH)
|
Bottom of the 3rd over - 0 runs, 1 hit, 0 errors, 1 left on base; Anderson 1 - Spartanburg 0 |
TOP OF THE 4TH |
Anderson Rebels batting - Pitching for Spartanburg Spartans : RHP Vincent Barbisan
|
Batting: LHB Dave Holt
|
0-0: Ball 1-0: Called Strike 1-1: Called Strike 1-2: SINGLE (Groundball, 34D, EV 103.1 MPH)
|
Batting: RHB Richard Hertel
|
0-0: Ball 1-0: Foul Ball, location: 2F 1-1: Ball 2-1: Fly out, F8 (Flyball, 8LXD, EV 95.6 MPH)
|
Pitching: RHP Oil Can Boyd
|
|
Batting: SHB Devon White
|
0-0: Called Strike 0-1: Ball Wild Pitch! Dave Holt to second 1-1: SINGLE (Groundball, 6, EV 99.4 MPH) Dave Holt to third Runner from 3rd tries for Home, SAFE, no throw by CF
|
Batting: LHB James Beck
|
0-0: Swinging Strike 0-1: Foul Ball, location: 2F 0-2: Ball 1-2: Strikes out swinging
|
Batting: SHB Felipe Gracia
|
0-0: Called Strike 0-1: Ball 1-1: Ball 2-1: Fly out, F7 (Flyball, 7D, EV 79.4 MPH)
|
Top of the 4th over - 1 run, 2 hits, 0 errors, 1 left on base; Anderson 2 - Spartanburg 0 |
BOTTOM OF THE 4TH |
Spartanburg Spartans batting - Pitching for Anderson Rebels : LHP Tim Conroy
|
Batting: LHB John Hennell
|
0-0: Ball 1-0: Ball 2-0: Called Strike 2-1: Ball 3-1: Ground out 3-1 (Groundball, 3S, EV 68.8 MPH)
|
Batting: LHB Albert Ortiz
|
0-0: Ball 1-0: Swinging Strike 1-1: Ball 2-1: Ground out 1-3 (Groundball, 13, EV 66.3 MPH)
|
Batting: RHB Franklin McKinney
|
0-0: Called Strike 0-1: Called Strike 0-2: Fly out, F8 (Flyball, 8LD, EV 102.5 MPH)
|
Bottom of the 4th over - 0 runs, 0 hits, 0 errors, 0 left on base; Anderson 2 - Spartanburg 0 |
TOP OF THE 5TH |
Anderson Rebels batting - Pitching for Spartanburg Spartans : RHP Oil Can Boyd
|
Batting: RHB Larry See
|
0-0: Ball 1-0: Ball 2-0: Foul Ball, location: 2F 2-1: Foul Ball, location: 2F 2-2: Strikes out looking
|
Batting: RHB Juan Alvarez
|
0-0: Called Strike 0-1: Foul Ball, location: 2F 0-2: Ball 1-2: Foul Ball, location: 2F 1-2: Ball 2-2: Ball 3-2: Fly out, F8 (Flyball, 8RD, EV 87.5 MPH)
|
Batting: LHB Armando Ortiz
|
0-0: Ball 1-0: Foul Ball, location: 2F 1-1: Ball 2-1: Called Strike 2-2: SOLO HOME RUN (Flyball, 7LD, EV 101.3 MPH), Distance : 345 ft
|
Batting: RHB Mike Gallego
|
0-0: Swinging Strike 0-1: Ball 1-1: Fly out, F9 (Flyball, 89S, EV 85.0 MPH)
|
Top of the 5th over - 1 run, 1 hit, 0 errors, 0 left on base; Anderson 3 - Spartanburg 0 |
BOTTOM OF THE 5TH |
Spartanburg Spartans batting - Pitching for Anderson Rebels : LHP Tim Conroy
|
Batting: RHB Ron Dillard
|
0-0: Called Strike 0-1: Ground out 1-3 (Groundball, 34S, EV 70.0 MPH)
|
Batting: RHB Jeff Martin
|
0-0: SINGLE (Line Drive, 6MD, EV 95.6 MPH)
|
Batting: LHB Chuck Cary
|
0-0: Ball 1-0: Bunted foul 1-1: Bunt missed! 1-2: Ball 2-2: Bunted foul, Strikeout!
|
Batting: RHB Roger Nolan
|
0-0: SINGLE (Groundball, 56D, EV 104.4 MPH) Jeff Martin to second
|
Batting: RHB James Eargle
|
0-0: Ball 1-0: Called Strike 1-1: Ball 2-1: Ball 3-1: Foul Ball, location: 2F 3-2: Base on Balls Jeff Martin to third Roger Nolan to second
|
Batting: LHB Jerald Hammermeister
|
0-0: Ball 1-0: Called Strike 1-1: Called Strike 1-2: Ball 2-2: Strikes out swinging
|
Bottom of the 5th over - 0 runs, 2 hits, 0 errors, 3 left on base; Anderson 3 - Spartanburg 0 |
TOP OF THE 6TH |
Anderson Rebels batting - Pitching for Spartanburg Spartans : RHP Oil Can Boyd
|
Batting: LHB Dave Holt
|
0-0: Ball 1-0: Called Strike 1-1: Ball 2-1: Ball 3-1: Base on Balls
|
Batting: RHB Richard Hertel
|
0-0: Ball 1-0: Foul Ball, location: 2F 1-1: Ball 2-1: Foul Ball, location: 2F 2-2: Foul Ball, location: 2F 2-2: Ball 3-2: Base on Balls Dave Holt to second
|
Batting: SHB Devon White
|
0-0: Swinging Strike 0-1: Ball 1-1: Ball 2-1: Foul Ball, location: 2F 2-2: Fielders Choice at 2nd, 1-6 (Groundball, 23, EV 73.8 MPH) Dave Holt to third
|
Batting: LHB James Beck
|
0-0: Ball 1-0: Swinging Strike 1-1: Ball 2-1: Foul Ball, location: 2F 2-2: Ball Devon White steals 2nd base 3-2: Base on Balls
|
Batting: SHB Felipe Gracia
|
0-0: Ball 1-0: Ball 2-0: Ball 3-0: Called Strike 3-1: Grounds into fielders choice 4-2 (Groundball, 34S, EV 88.8 MPH) Devon White to third James Beck to second
|
Batting: RHB Larry See
|
0-0: Ball 1-0: Foul Ball, location: 2F 1-1: Ball 2-1: SINGLE (Line Drive, 8LS, EV 89.4 MPH) Devon White scores James Beck to third Felipe Gracia to second Runner from 3rd tries for Home, SAFE, throw by CF to home
|
Pitching: LHP Scott Budner
|
|
Batting: RHB Juan Alvarez
|
0-0: Ball 1-0: Swinging Strike 1-1: Ball 2-1: Foul Ball, location: 2F 2-2: Foul Ball, location: 2F 2-2: Foul Ball, location: 2F 2-2: Foul Ball, location: 2F 2-2: Ground out 1-3 (Groundball, 34S, EV 79.4 MPH)
|
Top of the 6th over - 2 runs, 1 hit, 0 errors, 2 left on base; Anderson 5 - Spartanburg 0 |
BOTTOM OF THE 6TH |
Spartanburg Spartans batting - Pitching for Anderson Rebels : LHP Tim Conroy
|
Batting: LHB John Hennell
|
0-0: Called Strike 0-1: Ground out 4-3 (Groundball, 4, EV 90.0 MPH)
|
Batting: LHB Albert Ortiz
|
0-0: Ball 1-0: Ball 2-0: Foul Ball, location: 2F 2-1: Called Strike 2-2: Ball 3-2: Foul Ball, location: 2F 3-2: SINGLE (Groundball, 6M, EV 95.6 MPH)
|
Batting: RHB Franklin McKinney
|
0-0: Ball 1-0: SINGLE (Groundball, 56D, EV 99.4 MPH) Albert Ortiz to second
|
Batting: RHB Ron Dillard
|
0-0: Ball 1-0: Ball Albert Ortiz steals 3rd base (no throw) 2-0: Called Strike 2-1: Called Strike Franklin McKinney is caught stealing 2nd base 2-4 2-2: Ball 3-2: Foul Ball, location: 2F 3-2: Reached via error on a dropped throw from 3B, E3 (Groundball, 56S, EV 88.8 MPH) Albert Ortiz scores
|
Batting: RHB Jeff Martin
|
0-0: Ball Ron Dillard steals 2nd base (no throw) 1-0: Called Strike 1-1: Foul Ball, location: 2F 1-2: Foul Ball, location: 2F 1-2: Foul Ball, location: 2F 1-2: Strikes out swinging
|
Bottom of the 6th over - 1 run, 2 hits, 1 error, 1 left on base; Anderson 5 - Spartanburg 1 |
TOP OF THE 7TH |
Anderson Rebels batting - Pitching for Spartanburg Spartans : LHP Scott Budner
|
Batting: LHB Armando Ortiz
|
0-0: Called Strike 0-1: Single, Error in OF, E9, batter to second base (Line Drive, 89M, EV 97.5 MPH)
|
Batting: RHB Mike Gallego
|
0-0: Ball 1-0: Bunt missed! 1-1: Bunted foul 1-2: Fly out, F8 (Flyball, 8LM, EV 90.6 MPH)
|
Batting: LHB Dave Holt
|
0-0: Ball 1-0: Swinging Strike 1-1: Ball 2-1: Foul Ball, location: 2F 2-2: Foul Ball, location: 2F 2-2: SINGLE (Line Drive, 9LM, EV 96.3 MPH) Armando Ortiz to third
|
Batting: RHB Richard Hertel
|
0-0: Foul Ball, location: 2F 0-1: Ball 1-1: Fly out, F9 (Flyball, 9D, EV 91.3 MPH) Runner from 3rd tags up, SCORES, throw by RF
|
Batting: SHB Devon White
|
0-0: Called Strike 0-1: SINGLE (Flyball, 3D, EV 91.3 MPH) Dave Holt to second Runner from 2nd tries for 3rd, SAFE, no throw by RF
|
Batting: LHB James Beck
|
0-0: Ball 1-0: Called Strike 1-1: Foul Ball, location: 2F 1-2: Ground out U3 (Groundball, 3, EV 86.3 MPH)
|
Top of the 7th over - 1 run, 3 hits, 1 error, 2 left on base; Anderson 6 - Spartanburg 1 |
BOTTOM OF THE 7TH |
Spartanburg Spartans batting - Pitching for Anderson Rebels : LHP Tim Conroy
|
Batting: LHB Chuck Cary
|
0-0: Foul Ball, location: 2F 0-1: Ground out 1-3 (Groundball, P, EV 68.1 MPH)
|
Batting: RHB Roger Nolan
|
0-0: Ball 1-0: Ball 2-0: Ball 3-0: Base on Balls
|
Batting: RHB James Eargle
|
0-0: Ball 1-0: Foul Ball, location: 2F 1-1: Ball 2-1: Grounds into double play, 3-6-3 (Groundball, 34, EV 98.1 MPH)
|
Bottom of the 7th over - 0 runs, 0 hits, 0 errors, 0 left on base; Anderson 6 - Spartanburg 1 |
TOP OF THE 8TH |
Anderson Rebels batting - Pitching for Spartanburg Spartans : LHP Scott Budner
|
Batting: SHB Felipe Gracia
|
0-0: Foul Ball, location: 2F 0-1: Foul Ball, location: 2F 0-2: Ball 1-2: SINGLE (Groundball, 4MD, EV 105.0 MPH)
|
Batting: RHB Larry See
|
0-0: Ball Felipe Gracia is caught stealing 2nd base 2-4 1-0: Foul Ball, location: 2F 1-1: Foul Ball, location: 2F 1-2: SINGLE (Line Drive, 8RS, EV 91.3 MPH)
|
Batting: RHB Juan Alvarez
|
0-0: Swinging Strike 0-1: Grounds into double play, 1-4-3 (Groundball, 15, EV 85.6 MPH)
|
Top of the 8th over - 0 runs, 2 hits, 0 errors, 0 left on base; Anderson 6 - Spartanburg 1 |
BOTTOM OF THE 8TH |
Spartanburg Spartans batting - Pitching for Anderson Rebels : LHP Tim Conroy
|
Batting: LHB Jerald Hammermeister
|
0-0: Ball 1-0: Ball 2-0: Called Strike 2-1: Ball 3-1: Called Strike 3-2: Fly out, F7 (Flyball, 7S, EV 85.0 MPH)
|
Batting: LHB John Hennell
|
0-0: Called Strike 0-1: Swinging Strike 0-2: Ball 1-2: Ball 2-2: Strikes out looking
|
Batting: LHB Albert Ortiz
|
0-0: Ball 1-0: Ball 2-0: Ball 3-0: Swinging Strike 3-1: Fly out, F9 (Flyball, 9, EV 82.5 MPH)
|
Bottom of the 8th over - 0 runs, 0 hits, 0 errors, 0 left on base; Anderson 6 - Spartanburg 1 |
TOP OF THE 9TH |
Anderson Rebels batting - Pitching for Spartanburg Spartans : LHP Scott Budner
|
Batting: LHB Armando Ortiz
|
0-0: Ball 1-0: Foul Ball, location: 2F 1-1: Ball 2-1: Fly out, F9 (Flyball, 9S, EV 88.1 MPH)
|
Batting: RHB Mike Gallego
|
0-0: Ball 1-0: Ball 2-0: Called Strike 2-1: Ground out 6-3 (Groundball, 6, EV 106.9 MPH)
|
Batting: LHB Dave Holt
|
0-0: Ball 1-0: Ball 2-0: Ball 3-0: Base on Balls
|
Batting: RHB Richard Hertel
|
0-0: Called Strike 0-1: SINGLE (Groundball, 56D, EV 102.5 MPH) Dave Holt to second
|
Batting: SHB Devon White
|
0-0: Foul Ball, location: 2F Pickoff Throw to Second - Error! E1 Dave Holt to third Richard Hertel to second 0-1: Ball 1-1: Ball 2-1: SINGLE (Line Drive, 7S, EV 105.0 MPH) Dave Holt scores Richard Hertel to third Runner from 3rd tries for Home, SAFE, throw by LF to home
|
Batting: LHB James Beck
|
0-0: Ball 1-0: Foul Ball, location: 2F 1-1: Foul Ball, location: 2F 1-2: Ball 2-2: SINGLE (Groundball, 34S, EV 66.3 MPH) (infield hit) Devon White to second
|
Batting: SHB Felipe Gracia
|
0-0: Ball 1-0: Called Strike 1-1: Foul Ball, location: 2F 1-2: Foul Ball, location: 2F 1-2: Ball 2-2: Foul Ball, location: 2F 2-2: Fly out, F9 (Flyball, 89S, EV 87.5 MPH)
|
Top of the 9th over - 2 runs, 3 hits, 1 error, 2 left on base; Anderson 8 - Spartanburg 1 |
BOTTOM OF THE 9TH |
Spartanburg Spartans batting - Pitching for Anderson Rebels : LHP Tim Conroy
|
Batting: RHB Franklin McKinney
|
0-0: Called Strike 0-1: SINGLE (Line Drive, 8LS, EV 111.3 MPH)
|
Batting: RHB Ron Dillard
|
0-0: Ball 1-0: Ball 2-0: Ball 3-0: Base on Balls Franklin McKinney to second
|
Batting: RHB Jeff Martin
|
0-0: Ball 1-0: Reached on error, E3 (Groundball, 34, EV 83.8 MPH) Franklin McKinney to third Ron Dillard to second
|
Batting: LHB Chuck Cary
|
0-0: Grounds into double play, 5-4-3 (Groundball, 5S, EV 90.0 MPH) Franklin McKinney scores Ron Dillard to third
|
Batting: RHB Roger Nolan
|
0-0: Called Strike 0-1: Ball 1-1: Ball Steal of home, Ron Dillard is out
|
Bottom of the 9th over - 1 run, 1 hit, 1 error, 0 left on base; Anderson 8 - Spartanburg 2 |
 |
Sunday, June 21st, 2020 - OOTP Baseball 21.4 Build 63
|
|